 Dungeon Crawl Stone Soup version 0.23-a0-643-g9ccc95a (webtiles) character file.

722 Lanoc the Slasher (level 7, -1/55 HPs)
             Began as a Demonspawn Monk on Dec 31, 2018.
             Slain by a wight
             ... wielding a +3 flail of freezing
              (9 damage)
             ... on level 6 of the Dungeon.
             The game lasted 00:09:05 (4964 turns).

Lanoc the Slasher (Demonspawn Monk)                 Turns: 4964, Time: 00:09:06

Health: -1/55      AC:  2    Str: 13    XL:     7   Next: 43%
Magic:  7/7        EV: 14    Int: 11    God:
Gold:   263        SH:  0    Dex: 16    Spells: 6/6 levels left

rFire    . . .     SeeInvis .   a - +0 falchion
rCold    + . .     Gourm    .   (no shield)
rNeg     . . .     Faith    .   b - +0 robe
rPois    .         Spirit   .   (helmet unavailable)
rElec    .         Reflect  .   (no cloak)
rCorr    +         Harm     .   (no gloves)
MR       .....                  (no boots)
Stlth    ++........             (no amulet)
HPRegen  0.18/turn              p - ring of resist corrosion
MPRegen  0.10/turn              l - ring of protection from cold

@: drained
A: horns 3, demonic guardian 1
a: no special abilities


You were on level 6 of the Dungeon.
You were very hungry.

You visited 1 branch of the dungeon, and saw 6 of its levels.

You collected 263 gold pieces.

Inventory:

Hand Weapons
 a - a +0 falchion (weapon)
Armour
 b - a +0 robe (worn)
Jewellery
 l - a ring of protection from cold (right hand)
 p - a ring of resist corrosion (left hand)
Wands
 r - a wand of acid (10)
Scrolls
 e - a scroll of fog {unknown}
 f - a scroll of remove curse
 g - a scroll of teleportation
 h - a scroll of blinking
 j - a scroll of immolation {unknown}
 o - a scroll of enchant weapon {unknown}
 q - a scroll of amnesia {unknown}
 s - a scroll of enchant armour {unknown}
Potions
 d - a potion of flight
 k - a potion of ambrosia
 m - a potion of agility
 n - 2 potions of brilliance
 t - a potion of mutation {unknown}
 u - a potion of magic
 v - a potion of heal wounds {unknown}
Comestibles
 c - 8 rations


   Skills:
 + Level 4.6(3.6) Fighting
 * Level 5.4(4.4) Long Blades
 + Level 3.0(2.0) Armour
 + Level 4.2(3.2) Dodging
 - Level 1.7(0.8) Stealth


You had 6 spell levels left.
You didn't know any spells.
Your spell library contained the following spells:

 Spells                   Type           Power        Failure   Level  Hunger
 Summon Small Mammal      Summ           #...         34%         1    ##.....
 Call Imp                 Summ           #.......     47%         2    ###....
 Call Canine Familiar     Summ           #.......     71%         3    ####...
 Summon Guardian Golem    Hex/Summ       #.......     71%         3    ####...
 Summon Ice Beast         Ice/Summ       #.......     98%         4    #####..
 Summon Lightning Spire   Summ/Air       #.......     98%         4    #####..


Dungeon Overview and Level Annotations

Branches:
Dungeon (6/15)
 Temple: D:4-7

Altars:
Fedhas
Kikubaaqudgha
Uskayaw


Innate Abilities, Weirdness & Mutations

You have a pair of large horns on your head.
A weak demonic guardian rushes to your aid.


Message History

The wight is severely damaged.
The wight hits you with a +3 flail of freezing.
The wight freezes you.
You closely miss the wight.
The wight is severely damaged.
The wight hits you with a +3 flail of freezing!
You feel drained.
* * * LOW HITPOINT WARNING * * *
The wight freezes you.
* * * LOW HITPOINT WARNING * * *
You hit the wight.
The wight is almost destroyed.
The wight hits you with a +3 flail of freezing.
* * * LOW HITPOINT WARNING * * *
You feel drained.
* * * LOW HITPOINT WARNING * * *
You hit the wight but do no damage.
The wight is almost destroyed.
The wight hits you with a +3 flail of freezing!
You die...

.....#.?
.##...%.#
#.......#### .
#..!......## ..
#........##...
#............
#............
####...z.......
........@.......
................
.................
...####..........
... #.#....#...
.. #.##...##.. ..
#.## #. .#. .#


You could see a wight.

Vanquished Creatures
  An ice beast (D:5)
  An ogre (D:4)
  A centaur (D:5)
  A crimson imp (D:5)
  A hound (D:5)
  2 orc priests (D:4)
  2 orc wizards
  3 worker ants (D:5)
  A hound skeleton (D:5)
  6 adders
  A shadow imp (D:5)
  3 oozes
  2 worms
  5 leopard geckos
  21 orcs
  12 bats
  7 giant cockroaches
  9 goblins
  7 hobgoblins
  4 jackals (D:3)
  A quokka (D:4)
  A ball python (D:1)
  2 frilled lizards
  A jackal zombie (D:5)
  6 kobolds
  7 rats
108 creatures vanquished.

Vanquished Creatures (collateral kills)
  An orc wizard (D:4)
  An adder (D:2)
  A leopard gecko (D:4)
  2 orcs (D:4)
  A quokka (D:2)
  A frilled lizard (D:4)
7 creatures vanquished.

Grand Total: 115 creatures vanquished

Notes
Turn   | Place    | Note
-------+----------+-------------------------------------------
     0 | D:1      | Lanoc the Demonspawn Monk began the quest for the Orb.
     0 | D:1      | Reached XP level 1. HP: 18/18 MP: 1/1
   272 | D:1      | Gained mutation: A weak demonic guardian rushes to your
                  | aid. [demonic ancestry]
   272 | D:1      | Reached XP level 2. HP: 24/24 MP: 2/2
   279 | D:1      | Reached skill level 3 in Long Blades
   716 | D:2      | Gained mutation: You have a pair of small horns on your
                  | head. [demonic ancestry]
   716 | D:2      | Reached XP level 3. HP: 22/29 MP: 3/3
   778 | D:2      | Reached skill level 1 in Armour
  1564 | D:3      | Gained mutation: You have a pair of horns on your head.
                  | [demonic ancestry]
  1564 | D:3      | Reached XP level 4. HP: 25/35 MP: 4/4
  2110 | D:3      | Reached XP level 5. HP: 36/41 MP: 5/5
  2189 | D:3      | Reached skill level 4 in Long Blades
  2196 | D:3      | Found an ancient bone altar of Kikubaaqudgha.
  2198 | D:3      | Found a blossoming altar of Fedhas.
  2856 | D:4      | Reached XP level 6. HP: 34/48 MP: 6/6
  3812 | D:5      | Entered Level 5 of the Dungeon
  4314 | D:5      | Reached skill level 5 in Long Blades
  4394 | D:5      | Gained mutation: You have a pair of large horns on your
                  | head. [demonic ancestry]
  4394 | D:5      | Reached XP level 7. HP: 38/55 MP: 7/7
  4652 | D:5      | Noticed a +0 hand axe
  4653 | D:5      | Found a hide-covered altar of Uskayaw.
  4653 | D:5      | Noticed a +0 hand axe
  4964 | D:6      | Slain by a wight

Vault maps used:
D:1:      shiori_shiawase
D:3:      grunt_temple_overflow_growth_and_decay, minmay_misc_feat_chi,
          hex_intersection, minmay_misc_feat_doors
D:4:      first_ration
D:5:      dancing_weapons_uskayaw, grunt_ministairs_11
D:6:      kennysheep_mini_moat, temple_pool_b, uniq_pikel

Skill      XL: |  1  2  3  4  5  6  7 |
---------------+----------------------+-----
Long Blades    | 3 4 5 |  5.4
Dodging        | 3 4 |  4.2
Armour         | 1 2 3 |  3.0
Fighting       | 4 |  4.6
Stealth        | |  1.7

Action                   |  1- 3 |  4- 6 |  7- 9 || total
-------------------------+-------+-------+-------++-------
Melee: Falchion          |   101 |   195 |    49 ||   345
       Headbutt          |    11 |    40 |     6 ||    57
  Use: Potion            |       |     2 |       ||     2
       Scroll            |       |     7 |       ||     7
 Stab: Sleeping          |     5 |     6 |     2 ||    13
       Distracted        |       |     1 |       ||     1
  Eat: Chunk             |     2 |     9 |     1 ||    12
Armor: Robe              |    17 |    22 |     2 ||    41
Dodge: Dodged            |    69 |   149 |    18 ||   236
       Rpst.: Falchion   |    22 |    54 |     8 ||    84

Table legend:
 A = Non-vault XP
 B = Vault XP
 C = Vault XP percentage of total XP
 D = Non-vault monster count
 E = Vault monster count
 F = Vault count percentage of total count
                 A         B        C        D         E       F
            +---------+---------+-------+---------+---------+-------
      Total |     903 |     129 |  12.5 |     114 |       1 |   0.9
            +---------+---------+-------+---------+---------+-------
        D:1 |      34 |       0 |   0.0 |      20 |       0 |   0.0
        D:2 |      45 |       0 |   0.0 |      17 |       0 |   0.0
        D:3 |     160 |       0 |   0.0 |      44 |       0 |   0.0
        D:4 |     262 |       0 |   0.0 |      15 |       0 |   0.0
        D:5 |     402 |     129 |  24.3 |      18 |       1 |   5.3
            +---------+---------+-------+---------+---------+-------
